 Dungeon Crawl Stone Soup version 0.24.0-13-gcf9b3192b9 (webtiles) character file.

Game seed: 14928987271579701307, levelgen mode: deterministic

68 Esekla the Ducker (level 4, -13/34 HPs)
             Began as a Barachi Enchanter on Nov 10, 2019.
             Mangled by Crazy Yiuf
             ... wielding a +4 quarterstaff of chaos
              (20 damage)
             ... while paralysed by Crazy Yiuf
             ... on level 2 of the Dungeon.
             The game lasted 00:15:21 (2105 turns).

Esekla the Ducker (Barachi Enchanter)               Turns: 2105, Time: 00:15:22

Health: -13/34     AC:  3    Str: 10    XL:     4   Next: 19%
Magic:  5/7        EV:  2    Int: 16    God:
Gold:   89         SH:  0    Dex: 12    Spells: 7/8 levels left

rFire    . . .     SeeInvis .   a - +1 dagger
rCold    . . .     Gourm    .   (no shield)
rNeg     . . .     Faith    .   b - +0 robe
rPois    .         Spirit   .   c - +0 helmet
rElec    .         Reflect  .   (no cloak)
rCorr    .         Harm     .   (no gloves)
MR       +....                  (no boots)
Stlth    ++........             (no amulet)
HPRegen  0.11/turn              i - ring of protection from magic
MPRegen  0.10/turn              (no ring)

@: paralysed, slow
A: +LOS, swims, slowness 1, strong legs 1
a: Hop


You were on level 2 of the Dungeon.
You were not hungry.

You visited 1 branch of the dungeon, and saw 2 of its levels.

You collected 89 gold pieces.

Inventory:

Hand Weapons
 a - a +1 dagger (weapon)
 f - a +1 dagger of speed
Missiles
 g - 2 boomerangs (quivered)
Armour
 b - a +0 robe (worn)
 c - a +0 helmet (worn)
Jewellery
 i - a ring of protection from magic (left hand)
Scrolls
 e - a scroll of enchant armour {unknown}
 h - 2 scrolls of remove curse {unknown}
 j - 2 scrolls of identify {unknown}
 m - 2 scrolls of teleportation {unknown}
Potions
 k - a potion of mutation {unknown}
 l - a potion of magic {unknown}
 n - a potion of agility {unknown}
Comestibles
 d - 4 rations
 o - 2 chunks of flesh


   Skills:
 * Level 2.4 Fighting
 + Level 1.9 Short Blades
 + Level 3.3 Dodging
 - Level 2.6 Stealth
 + Level 2.5 Spellcasting
 - Level 3.2 Hexes


You had 7 spell levels left.
You knew the following spells:

 Your Spells              Type           Power        Failure   Level  Hunger
a - Corona                Hex            ##.....      4%          1    #......

Your spell library contained the following spells:

 Spells                   Type           Power        Failure   Level  Hunger
 Ensorcelled Hibernation  Hex/Ice        #.....       16%         2    ##.....
 Confuse                  Hex            ##......     16%         3    ###....
 Tukima's Dance           Hex            ##......     16%         3    ###....
 Dazzling Spray           Conj/Hex       #.....       30%         3    ###....


Dungeon Overview and Level Annotations

Branches:
Dungeon (2/15)

Altars:

Annotations:
D:2 Crazy Yiuf


Innate Abilities, Weirdness & Mutations

Shadows flee at your approach. (+LOS)
You can swim through water.
You cover ground slowly.
You can hop short distances.


Message History

Crazy Yiuf hits you with a +4 quarterstaff of chaos!
You feel your power leaking away.
Crazy Yiuf zaps a wand.
You resist with almost no effort.
Crazy Yiuf screams, "You spinner cower!"
You hit Crazy Yiuf but do no damage.
Crazy Yiuf is lightly wounded.
Crazy Yiuf closely misses you.
Crazy Yiuf yells, "Powder!"
Crazy Yiuf hits you with a +4 quarterstaff of chaos!
* * * LOW HITPOINT WARNING * * *
You suddenly lose the ability to move!
Crazy Yiuf completely misses you.
Crazy Yiuf says, "Blight childish down!"
Crazy Yiuf zaps a wand.
You resist with almost no effort.
The now-empty wand crumbles to dust.
Crazy Yiuf hits you with a +4 quarterstaff of chaos.
* * * LOW HITPOINT WARNING * * *
You are electrocuted!!
Ouch! That really hurt!
You die...

...........# ♣♣g♣ #...........
........#### ♣.♣♣ #.........##
...###.....# ♣♣.♣ #...........
.### #.....# ♣.♣♣ #.........## .#
#.....# ♣♣♣..♣ #........### ##
#.....# ♣....♣ #........###
##.....# #....# #.........##
#####......## ##g.####.........#.
#...........###.@.###............
..#########..##..###.............
.## ##.##....#.............
############.#####.#.#...........
##[..........(...................
##.......)##(..###.#.#.......###.
##......†)####.###.....####### #.
##.........###.........###### #.
##########....(.....##......# #.


You could see Crazy Yiuf.

Vanquished Creatures
  4 worms (D:2)
  A leopard gecko (D:1)
  4 giant cockroaches
  5 goblins
  5 hobgoblins
  5 jackals
  A quokka (D:2)
  9 bats
  7 frilled lizards
  8 kobolds
  3 rats
52 creatures vanquished.

Notes
Turn   | Place    | Note
-------+----------+-------------------------------------------
     0 | D:1      | Esekla the Barachi Enchanter began the quest for the Orb.
     0 | D:1      | Reached XP level 1. HP: 13/13 MP: 3/3
    96 | D:1      | Reached skill level 1 in Fighting
   158 | D:1      | Reached XP level 2. HP: 21/21 MP: 3/5
   549 | D:1      | Reached XP level 3. HP: 25/27 MP: 6/6
  1651 | D:2      | Reached XP level 4. HP: 23/34 MP: 7/7
  2078 | D:2      | Found a runed translucent door.
  2079 | D:2      | Noticed Crazy Yiuf
  2101 | D:2      | Paralysed by Crazy Yiuf for 7 turns
  2105 | D:2      | Mangled by Crazy Yiuf

Levels and vault maps discovered:
D:1:      mrwooster_arrival_arrow, layout_basic
D:2:      layout_rooms, uniq_crazy_yiuf_cottage

Skill      XL: |  1  2  3 |
---------------+----------+-----
Fighting       | 1 2 |  2.4
Dodging        | 3 |  3.3
Short Blades   | |  1.9
Stealth        | |  2.6
Spellcasting   | |  2.5
Hexes          | |  3.2

Action                   |  1- 3 |  4- 6 || total
-------------------------+-------+-------++-------
Melee: Dagger            |   223 |    70 ||   293
Throw: Boomerang         |    23 |     8 ||    31
 Cast: Corona            |     1 |       ||     1
 Stab: Sleeping          |     6 |       ||     6
  Eat: Ration            |     1 |       ||     1
       Chunk             |       |     1 ||     1
Armor: Robe              |    55 |     3 ||    58
Dodge: Dodged            |   139 |    15 ||   154
